[Event "Team 45 45 League T46"]
[Site "Internet Chess Club"]
[Date "2010.08.07"]
[Round "1"]
[White "SuperJEM"]
[Black "DTK"]
[Result "1/2-1/2"]
[WhiteElo "2179"]
[BlackElo "2184"]
[Opening "English: closed system"]
[ECO "A25"]
[Time "18:00:39"]
[TimeControl "2700+45"]

1. c4 e5 2. g3 Nc6 3. Bg2 g6 4. Nc3 Bg7 5. e3 d6 6. Nge2 h5 7. h3 h4 8. g4 f5 9.
gxf5 gxf5 10. d4 Bd7 11. Nd5 Nf6 12. Rg1 Nxd5 13. cxd5 Ne7 14. dxe5 Bxe5 15. Nd4
c6 16. dxc6 Nxc6 17. Nf3 Qb6 18. Nxe5 dxe5 19. Bd2 O-O-O 20. Qb3 Qxb3 21. axb3
Rhg8 22. O-O-O e4 23. f3 Ne5 24. fxe4 Bc6 25. Bc3 Rxd1+ 26. Rxd1 Rxg2 27. Bxe5
Bxe4 28. Rd2 Rg1+ 29. Rd1 Rxd1+ 30. Kxd1 Bg2 31. Bf6 Bxh3 32. Bxh4 Bg2 33. Bg3
{Game drawn by mutual agreement} 1/2-1/2

[Event "Team 45 45 League T46"]
[Site "Internet Chess Club"]
[Date "2010.08.04"]
[Round "1"]
[White "RedAttack"]
[Black "LT-Prad"]
[Result "1-0"]
[WhiteElo "2021"]
[BlackElo "2124"]
[Opening "Queen's Indian defense"]
[ECO "A47"]
[Time "18:11:04"]
[TimeControl "2700+45"]

1. Nf3 Nf6 2. d4 b6 3. g3 Bb7 4. Bg2 e6 5. O-O Be7 6. Nc3 Ne4 7. Nxe4 Bxe4 8. c4
d6 9. Qa4+ Nd7 10. Nh4 f5 11. Bxe4 fxe4 12. Ng2 O-O 13. Nf4 Rf6 14. Qc6 e5 15.
Nd5 Rf8 16. Nxc7 Rc8 17. Qd5+ Rf7 18. Ne6 Qe8 19. Ng5 Bxg5 20. Bxg5 exd4 21.
Qxd4 Ne5 22. b3 Rf5 23. Bf4 Rxf4 24. gxf4 Ng6 25. f5 Nh4 26. Qd5+ Kh8 27. Kh1
Qh5 28. f6 Qxe2 29. fxg7+ Kxg7 30. Rg1+ Ng6 31. Qd4+ Kf7 32. Qe3 Qf3+ 33. Qxf3+
exf3 34. Rg3 Ne5 35. Rd1 Ke6 36. Rg7 b5 37. Rxh7 bxc4 38. Rh6+ Kf5 39. Rhxd6 Nd3
40. Kg1 cxb3 41. R6xd3 b2 42. Rb1 Rc1+ 43. Rd1 Rc2 44. h3 Kf4 45. h4 Kg4 46.
Rd4+ Kh3 47. h5 Rc5 48. h6 Rh5 49. Rd6 Rg5+ 50. Kh1 Rh5 51. Rxb2 a5 52. Rg6 Kh4
53. Rb3 a4 54. Rxf3 a3 55. Kg2 {Black resigns} 1-0

[Event "Team 45 45 League T46"]
[Site "Internet Chess Club"]
[Date "2010.08.08"]
[Round "1"]
[White "Ptzz"]
[Black "xakelari"]
[Result "1/2-1/2"]
[WhiteElo "2103"]
[BlackElo "2043"]
[Opening "English opening"]
[ECO "A13"]
[Time "10:00:15"]
[TimeControl "2700+45"]

1. c4 e6 2. g3 d5 3. Bg2 c5 4. cxd5 exd5 5. d4 Nf6 6. Nf3 Nc6 7. O-O Be7 8. dxc5
Bxc5 9. Qc2 Be7 10. Bg5 O-O 11. Nc3 h6 12. Bf4 Be6 13. Rfd1 Rc8 14. Qa4 Qb6 15.
Qb3 Qxb3 16. axb3 a6 17. Nd4 Nxd4 18. Rxd4 Bc5 19. Rdd1 Rfd8 20. Be5 Bxf2+ 21.
Kxf2 Ng4+ 22. Kg1 Nxe5 23. Bxd5 Bxd5 24. Nxd5 Kf8 25. Nb6 Rxd1+ 26. Rxd1 Rc2 27.
Nd7+ Nxd7 28. Rxd7 Rxe2 29. Rxb7 Rxb2 30. Rb6 a5 31. Rb5 Ra2 32. Rb7 Ke8 33. Ra7
Rb2 34. Rxa5 Rxb3 35. Ra2 Ke7 36. Kg2 h5 37. h4 g6 38. Ra6 Rd3 39. Rb6 Rd6 40.
Rb4 Ke6 41. Rf4 f6 42. Ra4 Ke5 43. Ra5+ Rd5 44. Ra8 Ke4 45. Re8+ Kf5 46. Re2 Rd4
47. Rf2+ Ke5 48. Re2+ Re4 49. Ra2 Rd4 50. Re2+ Re4 51. Ra2 Rd4 52. Re2+ {Game
drawn by repetition} 1/2-1/2

[Event "Team 45 45 League T46"]
[Site "Internet Chess Club"]
[Date "2010.08.05"]
[Round "1"]
[White "frothyjowels"]
[Black "QueensCounselor"]
[Result "1/2-1/2"]
[WhiteElo "2372"]
[BlackElo "2178"]
[Opening "Petrov: classical attack, Jaenisch variation"]
[ECO "C42"]
[Time "14:00:49"]
[TimeControl "2700+45"]

1. e4 e5 2. Nf3 Nf6 3. Nxe5 d6 4. Nf3 Nxe4 5. d4 d5 6. Bd3 Be7 7. c4 Nc6 8. O-O
Nb4 9. cxd5 Nxd3 10. Qxd3 Qxd5 11. Re1 Bf5 12. Nc3 Nxc3 13. Qxc3 c6 14. Bg5 f6
15. Qb4 Qd7 16. d5 cxd5 17. Bf4 Be4 18. Qb3 Bxf3 19. Rac1 Rc8 20. Rxc8+ Qxc8 21.
gxf3 Qd7 22. Rc1 Bd8 23. Rd1 O-O 24. Rxd5 Qf7 25. Rd7 Qxb3 26. axb3 Bb6 27. Rxb7
Rf7 28. Rb8+ Rf8 29. Rxf8+ Kxf8 30. Be3 Ke7 31. Kf1 Kd6 32. Ke2 Kd5 33. Kd2 Bc7
34. h4 a6 35. h5 f5 36. Kd3 Be5 37. Bc1 Bd4 38. Ke2 Kc5 39. Be3 Kd5 40. Bc1 Kc5
41. Be3 Kd5 42. Bc1 Kc6 43. f4 Kb5 44. f3 Kb4 45. Kd3 Bf6 46. Kc2 Kc5 47. Bd2
Be7 48. Bc3 g6 49. hxg6 hxg6 50. Kd3 Kd5 51. Be5 Bb4 52. Bc3 Bd6 53. Ke3 Bc5+
54. Kd3 Bd6 55. Bd2 Bc5 56. b4 Bd6 57. b3 Bc7 58. Be3 Bd6 59. Kc3 Be7 60. Bd2
Bf6+ 61. Kd3 Bh4 62. Bc3 Bg3 63. Bd2 Bh4 64. Be3 Be7 65. Bd2 {Game drawn by
mutual agreement} 1/2-1/2

[Event "Team 45 45 League T46"]
[Site "Internet Chess Club"]
[Date "2010.08.07"]
[Round "1"]
[White "SpikeyJ"]
[Black "eurander"]
[Result "0-1"]
[WhiteElo "1842"]
[BlackElo "2220"]
[Opening "English: Caro-Kann defensive system"]
[ECO "A11"]
[Time "11:04:54"]
[TimeControl "2700+45"]

1. c4 c6 2. g3 d5 3. Bg2 Nf6 4. Nf3 h6 5. O-O Bf5 6. cxd5 cxd5 7. Qb3 Qc8 8. Nc3
e6 9. d3 Be7 10. Bf4 O-O 11. Rac1 Nc6 12. Ne5 Bh7 13. e4 dxe4 14. Nxc6 bxc6 15.
dxe4 g5 16. Be3 Rb8 17. Qc2 Qb7 18. b3 Ng4 19. Bd2 Rbd8 20. Na4 Qb5 21. Rfd1 Qe2
22. f3 Qf2+ 23. Kh1 Ne3 24. Bxe3 Qxc2 25. Rxc2 Rxd1+ 26. Bg1 Bf6 27. Nc3 Bxc3
28. Rxc3 Rfd8 29. h4 Ra1 30. Kh2 Rd2 {White resigns} 0-1

[Event "Team 45 45 League T46"]
[Site "Internet Chess Club"]
[Date "2010.08.09"]
[Round "1"]
[White "syy89"]
[Black "PandorasBox"]
[Result "1/2-1/2"]
[WhiteElo "2112"]
[BlackElo "2041"]
[Opening "French: Steinitz, Boleslavsky variation"]
[ECO "C11"]
[Time "16:00:43"]
[TimeControl "2700+45"]

1. e4 e6 2. d4 d5 3. Nc3 Nf6 4. e5 Nfd7 5. f4 c5 6. Nf3 Nc6 7. Be3 Qb6 8. Na4
Qa5+ 9. c3 c4 10. b4 Qc7 11. Be2 Be7 12. O-O O-O 13. Qe1 b5 14. Nc5 Nxc5 15.
bxc5 a5 16. a3 Bd7 17. g4 Rab8 18. Bd2 Rb7 19. Rb1 a4 20. Bd1 f5 21. gxf5 Rxf5
22. Bc2 Rf8 23. Qg3 Rbb8 24. Kh1 Rf7 25. Qh3 g6 26. Rg1 Rg7 27. Rg4 Rf8 28. Rbg1
Rff7 29. Qh6 Nd8 30. Nh4 Bf8 31. Bxg6 Rxg6 32. Rxg6+ hxg6 33. Rxg6+ Rg7 {Game
drawn by mutual agreement} 1/2-1/2

[Event "Team 45 45 League T46"]
[Site "Internet Chess Club"]
[Date "2010.08.07"]
[Round "1"]
[White "vnchess"]
[Black "Positron"]
[Result "0-1"]
[WhiteElo "2279"]
[BlackElo "2217"]
[Opening "Queen's pawn: Torre attack"]
[ECO "A46"]
[Time "22:21:24"]
[TimeControl "2700+45"]

1. d4 Nf6 2. Nf3 e6 3. Bg5 d5 4. e3 c5 5. c3 Nc6 6. Bd3 Qb6 7. Qc2 c4 8. Be2 Ne4
9. Bf4 Be7 10. Nbd2 Nxd2 11. Nxd2 Bd7 12. e4 g5 13. Be3 O-O-O 14. b3 f5 15. f3
cxb3 16. axb3 Kb8 17. O-O Rc8 18. Qb2 Ne5 19. Bf2 Ng6 20. c4 Nf4 21. Bg3 Bf6 22.
Kh1 Bxd4 23. Qa2 Bxa1 24. Rxa1 dxe4 25. fxe4 Bc6 26. Bf3 a6 27. exf5 exf5 28.
Bxc6 Qxc6 29. Nf3 h6 30. Ne5 Qc7 31. Nd3 Rhd8 32. Nb4 Rd6 33. Nd5 Nxd5 34. Bxd6
Qxd6 35. cxd5 Qxd5 36. h3 Rc3 37. Kh2 Qe5+ 38. Kg1 Qe3+ 39. Kh1 Qe4 40. Qf2
Rxh3+ 41. Kg1 Rxb3 42. Re1 Rb1 43. Rxb1 Qxb1+ 44. Kh2 Qe4 45. Qb6 Qf4+ 46. Kg1
g4 47. Qd8+ Ka7 48. Qh4 Qe3+ 49. Kf1 g3 50. Qe4 Qf2# {White checkmated} 0-1

[Event "Team 45 45 League T46"]
[Site "Internet Chess Club"]
[Date "2010.08.05"]
[Round "1"]
[White "Chatica"]
[Black "akdog3"]
[Result "0-1"]
[WhiteElo "2059"]
[BlackElo "2214"]
[Opening "Alekhine's defense: modern, Larsen variation"]
[ECO "B04"]
[Time "22:00:49"]
[TimeControl "2700+45"]

1. e4 Nf6 2. e5 Nd5 3. d4 d6 4. Nf3 dxe5 5. dxe5 Bg4 6. c4 Nb4 7. Qxd8+ Kxd8 8.
Na3 e6 9. Ng5 Ke8 10. Be3 N8c6 11. f3 Bf5 12. f4 Rd8 13. Kf2 a6 14. Be2 Nd4 15.
Rhd1 c5 16. b3 Be7 17. Nf3 Nxe2 18. Kxe2 Rxd1 19. Kxd1 Kd7 20. h3 Kc6 21. Ke2
Rd8 22. Nd2 h6 23. g4 Bh7 24. Nf3 Be4 25. Nd2 Bd3+ 26. Kf2 f6 27. Nf3 Be4 28.
Nd2 Bh7 29. Nf3 Kb6 30. Ke2 Bd3+ 31. Kf2 Be4 32. Nd2 Bc6 33. Ke2 fxe5 34. fxe5
Bh4 35. Nf3 Bg3 36. Rg1 Bxf3+ 37. Kxf3 Bxe5 38. Ke4 Bf6 39. Rg2 Rd1 40. g5 hxg5
41. Bxg5 Rd4+ 42. Ke3 Rd3+ 43. Kf4 Rxh3 44. Kg4 Rd3 45. Re2 e5 46. Rf2 Rd4+ 47.
Kf5 Bxg5 48. Kxg5 Rf4 49. Re2 Nc6 50. Nc2 Rf1 51. Ne3 Rg1+ 52. Ng4 Kc7 53. Re3
Kd6 54. Kf5 Nd4+ 55. Kg5 Nc6 56. Kh4 b5 57. Nf2 Nd4 58. Ne4+ Kc6 59. cxb5+ axb5
60. Nc3 Nf5+ {White resigns} 0-1

[Event "Team 45 45 League T46"]
[Site "Internet Chess Club"]
[Date "2010.08.07"]
[Round "1"]
[White "SlimeDog2"]
[Black "Matusalen"]
[Result "1/2-1/2"]
[WhiteElo "2188"]
[BlackElo "2059"]
[Opening "QGA: classical, 6...a6"]
[ECO "D27"]
[Time "16:09:19"]
[TimeControl "2700+45"]

1. d4 d5 2. Nf3 Nf6 3. c4 dxc4 4. e3 e6 5. Bxc4 c5 6. O-O a6 7. Bb3 b5 8. a4 b4
9. Nbd2 Bb7 10. e4 cxd4 11. e5 Nfd7 12. Nc4 Nc6 13. Bg5 Qc7 14. Rc1 Nc5 15. Bc2
h6 16. Bf4 Rd8 17. Nd6+ Rxd6 18. exd6 Bxd6 19. Bxd6 Qxd6 20. Nd2 O-O 21. Ne4
Nxe4 22. Bxe4 Rd8 23. Qb3 Na5 24. Qf3 Bxe4 25. Qxe4 d3 26. Rfd1 d2 27. Rc2 Nb3
28. Rc6 Qd7 29. Kf1 a5 30. Qc4 Qd3+ 31. Qxd3 Rxd3 {Game drawn by mutual
agreement} 1/2-1/2

[Event "Team 45 45 League T46"]
[Site "Internet Chess Club"]
[Date "2010.08.13"]
[Round "1"]
[White "Speedy-Reedy"]
[Black "Guoruey"]
[Result "1-0"]
[WhiteElo "1852"]
[BlackElo "1901"]
[Opening "Sicilian: Smith-Morra gambit"]
[ECO "B21"]
[Time "14:20:15"]
[TimeControl "2700+45"]

1. e4 c5 2. d4 cxd4 3. c3 dxc3 4. Nxc3 Nc6 5. Nf3 g6 6. Bc4 Bg7 7. O-O e6 8. Nb5
Nge7 9. Nd6+ Kf8 10. Ng5 Ne5 11. Ngxf7 Nxf7 12. Qf3 Nf5 13. Nxf7 Ke8 {Black
resigns} 1-0

[Event "Team 45 45 League T46"]
[Site "Internet Chess Club"]
[Date "2010.08.08"]
[Round "1"]
[White "Jack-ONeill"]
[Black "jorobo"]
[Result "1/2-1/2"]
[WhiteElo "2037"]
[BlackElo "2135"]
[Opening "Queen's pawn game"]
[ECO "D02"]
[Time "09:00:50"]
[TimeControl "2700+45"]

1. Nf3 d5 2. d4 e6 3. Bf4 Nf6 4. e3 Be7 5. Bd3 O-O 6. Nbd2 c5 7. c3 b6 8. O-O
Ba6 9. Bxa6 Nxa6 10. Ne5 Qc8 11. a4 Qb7 12. Qe2 Rac8 13. Bg5 Nb8 14. f4 Nc6 15.
Rf3 Ne4 16. Bxe7 Nxe7 17. Rh3 Nxd2 18. Qxd2 f6 19. Nd3 Nf5 20. Qe2 Nd6 21. Qh5
g6 22. Qg4 Rfe8 23. Qh4 Rf8 24. Qg4 Rfe8 25. Qh4 Rf8 26. Qg4 {Game drawn by
repetition} 1/2-1/2

[Event "Team 45 45 League T46"]
[Site "Internet Chess Club"]
[Date "2010.08.06"]
[Round "1"]
[White "Holzschlange"]
[Black "noHz"]
[Result "1/2-1/2"]
[WhiteElo "1877"]
[BlackElo "2107"]
[Opening "English: symmetrical, Botvinnik system"]
[ECO "A36"]
[Time "14:00:45"]
[TimeControl "2700+45"]

1. c4 c5 2. Nc3 Nc6 3. g3 g6 4. Bg2 Bg7 5. e4 e5 6. Nge2 Nge7 7. d3 d6 8. O-O
O-O 9. Rb1 a5 10. f4 exf4 11. gxf4 f5 12. Be3 Be6 13. b3 Rb8 14. d4 cxd4 15.
Nxd4 Bd7 16. Ndb5 fxe4 17. Bxe4 Nf5 18. Bd5+ Kh8 19. Bd2 Ncd4 20. Nxd4 Bxd4+ 21.
Kh1 Qh4 22. Qf3 Bc6 23. Rbd1 Rbe8 24. Be1 Qf6 25. Ne4 Bxd5 26. cxd5 Qe7 27. Ng5
Bf6 28. Ne6 Rg8 29. Bc3 Rc8 30. Rc1 Ng7 31. Rfe1 Qf7 32. Bxa5 Rxc1 33. Rxc1 Nxe6
34. dxe6 Qxe6 35. Qxb7 {Game drawn by mutual agreement} 1/2-1/2

[Event "Team 45 45 League T46"]
[Site "Internet Chess Club"]
[Date "2010.08.11"]
[Round "1"]
[White "Uwak"]
[Black "Vaigpertu"]
[Result "1-0"]
[WhiteElo "2452"]
[BlackElo "2276"]
[Opening "Sicilian defense"]
[ECO "B41"]
[Time "04:14:46"]
[TimeControl "2700+45"]

1. e4 c5 2. Nf3 e6 3. d4 cxd4 4. Nxd4 Qb6 5. Be3 Bc5 6. Nb5 Bxe3 7. fxe3 Nc6 8.
Qd2 Nf6 9. Nd6+ Ke7 10. Nc3 Ng4 11. O-O-O Nge5 12. Be2 Qc5 13. Rhf1 f6 14. a3 a5
15. Na4 Qa7 16. Nb5 Qb8 17. Nb6 Ra6 18. Qc3 Nf7 19. Qc5+ d6 20. Nxd6 Nxd6 21.
Bxa6 bxa6 22. Qxc6 Rd8 23. Rxd6 {Black resigns} 1-0

[Event "Team 45 45 League T46"]
[Site "Internet Chess Club"]
[Date "2010.08.06"]
[Round "1"]
[White "SiNsUaT12"]
[Black "searchforbobby1"]
[Result "0-1"]
[WhiteElo "2324"]
[BlackElo "2240"]
[Opening "Sicilian: Pelikan, Bird variation"]
[ECO "B33"]
[Time "20:18:24"]
[TimeControl "2700+45"]

1. e4 c5 2. Nf3 Nc6 3. d4 cxd4 4. Nxd4 Nf6 5. Nc3 e5 6. Ndb5 d6 7. Bg5 a6 8. Na3
Be6 9. Nc4 Rc8 10. Bxf6 gxf6 11. Nd5 Bxd5 12. Qxd5 Nb4 13. Qd2 d5 14. exd5 Nxc2+
15. Qxc2 Bb4+ 16. Ke2 Qxd5 17. Nd6+ Ke7 18. Nxc8+ Rxc8 19. Qd3 Qe6 20. Qe4 Rc4
21. Qxb7+ Kf8 22. Rc1 Qg4+ 23. f3 Qd4 24. Rc3 Bxc3 25. bxc3 Rxc3 26. Qe4 Qb6 27.
Ke1 Rc1+ 28. Ke2 Qb2+ 29. Ke3 Re1+ 30. Kd3 Rd1+ 31. Kc4 Rc1+ 32. Kd5 Qb7+ {White
resigns} 0-1

[Event "Team 45 45 League T46"]
[Site "Internet Chess Club"]
[Date "2010.08.06"]
[Round "1"]
[White "MikeA"]
[Black "trevor21"]
[Result "1-0"]
[WhiteElo "2171"]
[BlackElo "2143"]
[Opening "French: exchange variation"]
[ECO "C01"]
[Time "20:01:19"]
[TimeControl "2700+45"]

1. e4 e6 2. d4 d5 3. exd5 exd5 4. Bd3 Bd6 5. Nf3 Bg4 6. h3 Bh5 7. O-O Ne7 8. Re1
Nc6 9. Be3 Qd7 10. Nc3 O-O-O 11. Nb5 f6 12. Nxd6+ Qxd6 13. a3 g5 14. b4 Bg6 15.
b5 Na5 16. Bd2 Bxd3 17. cxd3 Nac6 18. bxc6 Nxc6 19. Qb3 h5 20. Rab1 b6 21. Bb4
Qd7 22. h4 gxh4 23. Nxh4 Rhg8 24. Rbc1 Rg4 25. Nf3 a5 26. Bxa5 Nxa5 27. Qxb6 Nb7
28. Qxf6 Rdg8 29. Re7 Rxg2+ 30. Kf1 Qd6 31. Qxd6 Nxd6 32. Rcxc7+ Kb8 33. Ne5
{Black resigns} 1-0

[Event "Team 45 45 League T46"]
[Site "Internet Chess Club"]
[Date "2010.08.05"]
[Round "1"]
[White "LucaTrapani"]
[Black "perikitosax"]
[Result "1/2-1/2"]
[WhiteElo "2043"]
[BlackElo "2044"]
[Opening "Benoni: fianchetto, 9...Nbd7"]
[ECO "A62"]
[Time "05:25:16"]
[TimeControl "2700+45"]

1. d4 Nf6 2. c4 c5 3. d5 e6 4. Nc3 exd5 5. cxd5 d6 6. g3 g6 7. Bg2 Bg7 8. Nf3
O-O 9. O-O Nbd7 10. Bf4 Qe7 11. h3 a6 12. a4 Re8 13. e4 Qf8 14. Re1 Nh5 15. Bd2
Ne5 16. g4 Nxf3+ 17. Qxf3 Nf6 18. Qg3 Nd7 19. a5 Rb8 20. Na4 Qe7 21. Bc3 g5 22.
Bxg7 Kxg7 23. f4 gxf4 24. Qxf4 Ne5 25. Ra3 b5 26. axb6 Bd7 27. Qg3 Bxa4 28. Rxa4
Rxb6 29. h4 {Game drawn by mutual agreement} 1/2-1/2

[Event "Team 45 45 League T46"]
[Site "Internet Chess Club"]
[Date "2010.08.06"]
[Round "1"]
[White "chiiwen"]
[Black "Terte"]
[Result "1/2-1/2"]
[WhiteElo "2124"]
[BlackElo "2028"]
[Opening "Sicilian: accelerated fianchetto, modern variation with Bc4"]
[ECO "B35"]
[Time "11:00:23"]
[TimeControl "2700+45"]

1. e4 c5 2. Nf3 Nc6 3. d4 cxd4 4. Nxd4 g6 5. Nc3 Bg7 6. Be3 Nf6 7. Bc4 O-O 8.
Bb3 d6 9. f3 a6 10. Qd2 Na5 11. O-O b5 12. Rad1 Bb7 13. Qf2 Nxb3 14. Nxb3 Nd7
15. Bd4 Rc8 16. Bxg7 Kxg7 17. a4 Qb6 18. axb5 axb5 19. Rd4 Rc4 20. Rfd1 Rfc8 21.
R1d2 Nc5 22. Nd5 Bxd5 23. Rxd5 Qa6 24. Nxc5 R4xc5 25. Rxc5 Rxc5 26. c3 Qa1+ 27.
Qf1 Qxf1+ 28. Kxf1 f5 29. Ke2 f4 30. Kd3 Kf6 31. b4 Rh5 32. h3 d5 33. Ra2 dxe4+
34. Kxe4 Rf5 35. h4 h6 36. Ra6+ e6 37. Rc6 Rh5 38. Kxf4 Rxh4+ 39. g4 Rh1 40. Rc5
Rc1 41. Ke3 h5 42. gxh5 gxh5 43. Kd2 Rh1 44. Rxb5 h4 45. Ke2 h3 46. Rh5 h2 47.
Kf2 Rc1 48. Rxh2 Rxc3 49. Rh4 Rb3 50. Re4 e5 51. Ke2 Ke6 52. Rc4 Kd5 53. Re4 Ke6
54. Kf2 Kd5 55. Kg3 Kd6 56. Rg4 Kd5 57. Rh4 Kd6 58. Kg2 Kd5 59. Rg4 Kc6 60. Rg6+
Kd5 61. Rb6 Kc4 62. Rc6+ Kd4 {Game drawn by mutual agreement} 1/2-1/2

[Event "Team 45 45 League T46"]
[Site "Internet Chess Club"]
[Date "2010.08.05"]
[Round "1"]
[White "TerryMalloy"]
[Black "f5"]
[Result "0-1"]
[WhiteElo "2007"]
[BlackElo "2100"]
[Opening "Dutch: Staunton gambit"]
[ECO "A82"]
[Time "17:11:14"]
[TimeControl "2700+45"]

1. d4 f5 2. e4 fxe4 3. Bg5 Nf6 4. c4 d6 5. Nc3 Nc6 6. f3 e5 7. Nxe4 Nxd4 8. Bd3
Be7 9. Ne2 Nxe4 10. Bxe7 Qxe7 11. Bxe4 Ne6 12. Qd2 Qg5 13. Qc2 Nc5 14. f4 exf4
15. O-O Nxe4 16. Qxe4+ Qe5 17. Rxf4 Qxe4 18. Rxe4+ Kd8 19. Rf1 Re8 20. Nc3 Rxe4
21. Nxe4 Ke7 22. Re1 Kf8 23. Rf1+ Kg8 24. b3 Bd7 25. Nc3 Rf8 26. Re1 Re8 27. Rf1
Re5 28. Rf4 Bc6 29. Kf2 g5 30. Rd4 Kf7 31. g4 a5 32. a4 b6 33. h3 h6 34. Nd5
Bxd5 35. cxd5 Ke7 36. Rd3 Kd7 37. Kg3 c6 38. dxc6+ Kxc6 39. h4 d5 40. hxg5 hxg5
41. Rc3+ Kd6 42. Kf2 d4 43. Rc8 Re3 44. Rg8 Rxb3 45. Rxg5 Rb4 46. Ke2 Rxa4 47.
Kd3 Kc6 48. Rg6+ Kc5 49. Rg5+ Kb4 50. Kxd4 Ra1 51. Kd3 a4 52. Rg6 b5 53. Kc2 Ka3
54. g5 b4 55. Rb6 b3+ 56. Kd2 Rg1 57. g6 b2 58. g7 Rxg7 59. Kc2 Rc7+ {White
resigns} 0-1

[Event "Team 45 45 League T46"]
[Site "Internet Chess Club"]
[Date "2010.08.07"]
[Round "1"]
[White "Merciful"]
[Black "Pason"]
[Result "1/2-1/2"]
[WhiteElo "2019"]
[BlackElo "2054"]
[Opening "French: Two knights variation"]
[ECO "C00"]
[Time "15:00:44"]
[TimeControl "2700+45"]

1. e4 e6 2. Nf3 d5 3. Nc3 c5 4. exd5 exd5 5. Bb5+ Nc6 6. O-O Nf6 7. Re1+ Be7 8.
Qe2 Bg4 9. Bxc6+ bxc6 10. d3 Bxf3 11. Qxf3 O-O 12. b3 Re8 13. Na4 c4 14. dxc4
dxc4 15. Qxc6 Rc8 16. Qf3 cxb3 17. cxb3 Bb4 18. Rxe8+ Qxe8 19. Bb2 Ne4 20. Rd1
Rc2 21. Qg4 f6 22. f3 Nf2 23. Qd7 Qe2 24. Qd5+ Kf8 25. Qd8+ Kf7 26. Rd7+ Be7 27.
Rxe7+ Qxe7 28. Qd5+ Qe6 29. Qh5+ Kg8 30. Qa5 Rc7 31. Kxf2 Rc2+ 32. Kg3 Qd6+ 33.
Kh3 Qd7+ 34. Kg3 Qd6+ 35. Kh3 Qd7+ {Game drawn by mutual agreement} 1/2-1/2

[Event "Team 45 45 League T46"]
[Site "Internet Chess Club"]
[Date "2010.08.08"]
[Round "1"]
[White "mcplayerus"]
[Black "martineden"]
[Result "1-0"]
[WhiteElo "2120"]
[BlackElo "1853"]
[Opening "QGD Slav defense"]
[ECO "D10"]
[Time "10:34:22"]
[TimeControl "2700+45"]

1. d4 d5 2. c4 c6 3. e3 Bf5 4. Nc3 e6 5. Nf3 Nf6 6. Bd2 Nbd7 7. Nh4 Bg4 8. f3
Bh5 9. cxd5 exd5 10. g3 Ne4 11. Be2 Nxd2 12. Qxd2 Bb4 13. Rc1 O-O 14. O-O Re8
15. Ng2 Bg6 16. Rfe1 Nf6 17. a3 Bd6 18. Bd3 Qd7 19. Bxg6 hxg6 20. Qf2 Qh3 21.
Nf4 Qf5 22. g4 Qd7 23. Nd3 Re7 24. Re2 Rae8 25. Rce1 Nh7 26. Qg2 f5 27. g5 Nf8
28. f4 Qc7 29. Qf3 Re6 30. h4 Qf7 31. Ne5 Bxe5 32. dxe5 Nd7 33. b4 a6 34. Rc2
Nb6 35. Ne2 Nc4 36. Nd4 R6e7 37. Rh2 Kf8 38. h5 gxh5 39. Rxh5 g6 40. Rh6 Kg8 41.
Re2 Nxe5 42. fxe5 Rxe5 43. Rh4 Re4 44. Rxe4 Rxe4 45. Rh2 Qe7 46. Qh3 Qxg5+ 47.
Kf2 Kf7 48. Qh7+ Ke8 49. Qg8+ Kd7 50. Rh7+ Re7 51. Qe6+ {Black resigns} 1-0

[Event "Team 45 45 League T46"]
[Site "Internet Chess Club"]
[Date "2010.08.07"]
[Round "1"]
[White "AVEMARIA"]
[Black "vaknight"]
[Result "0-1"]
[WhiteElo "1666"]
[BlackElo "1706"]
[Opening "Caro-Kann: exchange, Rubinstein variation"]
[ECO "B13"]
[Time "08:30:35"]
[TimeControl "2700+45"]

1. e4 c6 2. d4 d5 3. exd5 cxd5 4. Bd3 Nf6 5. Bf4 Nc6 6. c3 e6 7. Nd2 Be7 8. Ngf3
Nh5 9. Be3 Qc7 10. g3 Nf6 11. O-O Bd6 12. a3 h6 13. c4 Ng4 14. Qe2 Nxe3 15. fxe3
O-O 16. e4 dxc4 17. Nxc4 Nxd4 18. Nxd4 Bc5 19. e5 Bxd4+ 20. Kg2 Bd7 21. Rac1
Bc6+ 22. Be4 Bxe5 23. Bxc6 Qxc6+ 24. Kh3 Bf6 25. Qg4 Kh8 26. Ne5 Qd5 27. Rxf6
gxf6 28. Nxf7+ Rxf7 29. Qg6 Qf5+ {White resigns} 0-1

[Event "Team 45 45 League T46"]
[Site "Internet Chess Club"]
[Date "2010.08.08"]
[Round "1"]
[White "loserloser"]
[Black "b-spot"]
[Result "0-1"]
[WhiteElo "1851"]
[BlackElo "1782"]
[Opening "Réti opening"]
[ECO "A04"]
[Time "12:00:12"]
[TimeControl "2700+45"]

1. Nf3 c5 2. d3 d5 3. g3 Nc6 4. Bg2 e5 5. O-O Be7 6. Nbd2 Nf6 7. e4 d4 8. Nc4
Nd7 9. a4 O-O 10. Ne1 f5 11. exf5 Rxf5 12. Be4 Rf8 13. Nf3 Qc7 14. h4 Na5 15.
Bg5 Bxg5 16. Bd5+ Kh8 17. hxg5 Nxc4 18. dxc4 Nb6 19. Be4 Bg4 20. Qd3 Nxc4 21.
Kg2 Nd6 22. Nxe5 Nxe4 23. Nxg4 Nxg5 24. Rh1 Qc6+ 25. Kg1 Rf3 26. Qc4 Raf8 27.
Ne5 Qe4 28. Nxf3 Nxf3+ {White resigns} 0-1

[Event "Team 45 45 League T46"]
[Site "Internet Chess Club"]
[Date "2010.08.13"]
[Round "1"]
[White "GadsHill"]
[Black "CheeryCherry"]
[Result "0-1"]
[WhiteElo "1508"]
[BlackElo "1468"]
[Opening "QGD: Tarrasch, Stoltz variation"]
[ECO "D34"]
[Time "20:09:00"]
[TimeControl "2700+45"]

1. d4 d5 2. c4 e6 3. Nc3 c5 4. cxd5 exd5 5. Nf3 Nc6 6. g3 Nf6 7. Bg2 Be7 8. O-O
O-O 9. Bg5 Be6 10. Rc1 b6 11. Na4 c4 12. Ne5 Rc8 13. Nc3 h6 14. Bf4 g5 15. Nxc6
Rxc6 16. Be5 a6 17. a4 Ng4 18. h3 Nxe5 19. dxe5 Rc5 20. Qd4 Qd7 21. Rfd1 Bxh3
22. Nxd5 Bd8 23. Bxh3 Qxh3 24. Rxc4 Qh5 25. Rxc5 bxc5 26. Qe3 Re8 27. f4 gxf4
28. gxf4 Qg6+ 29. Kf2 Bh4+ 30. Kf1 Qc2 31. Qd2 Qxa4 32. Nf6+ Bxf6 33. exf6 Qc6
34. Qd5 Qxf6 35. Qg2+ Kh8 36. Qf3 Qxb2 37. e3 Qb5+ 38. Ke1 Qb4+ 39. Rd2 Rd8 40.
Qe2 Qxd2+ 41. Qxd2 Rxd2 42. Kxd2 Kg7 {White resigns} 0-1

[Event "Team 45 45 League T46"]
[Site "Internet Chess Club"]
[Date "2010.08.09"]
[Round "1"]
[White "Muravey"]
[Black "tightfist"]
[Result "1-0"]
[WhiteElo "1682"]
[BlackElo "1571"]
[Opening "Scotch game"]
[ECO "C45"]
[Time "09:33:30"]
[TimeControl "2700+45"]

1. e4 e5 2. Nf3 Nc6 3. d4 exd4 4. Nxd4 Qf6 5. c3 Bc5 6. Be3 Bb6 7. Bc4 Nge7 8.
O-O O-O 9. Re1 d6 10. Na3 a6 11. Nac2 Ne5 12. Bb3 Bd7 13. Qd2 Qg6 14. Rad1 Bh3
15. f4 Bg4 16. Rc1 N5c6 17. f5 Nxf5 18. exf5 Bxf5 19. Nxf5 Qxf5 20. Bxb6 cxb6
21. Qxd6 Rad8 22. Qg3 Na5 23. Ne3 Qc5 24. Bc2 Nc4 25. Qh4 g6 26. Qxc4 Qg5 27.
Qg4 Qc5 28. Qf3 Rfe8 29. Bb3 Re7 30. Kf1 Rd3 31. Kf2 Rd2+ 32. Re2 Rd3 33. Bc2
Rexe3 34. Rxe3 Rd2+ 35. Ke1 Rd8 36. Bb3 Qc7 37. Rd1 Rf8 38. Qg3 Qc5 39. Rd5 Qc6
40. Qd6 Qc8 41. Qxb6 Kg7 42. Qd4+ Kg8 43. Rd3 Qe6+ 44. Kd2 Qe7 45. Qe3 Qc7 46.
Qg3 Qc8 47. Qd6 Qg4 48. Rg3 Qe4 49. Bc2 Qc4 50. b3 Qf1 51. Bd3 Qf2+ 52. Be2 Re8
53. Re5 Qf4+ 54. Rge3 Rc8 55. g3 Qf2 56. Re8+ Rxe8 57. Rxe8+ Kg7 58. Qe5+ f6 59.
Qe7+ Kh6 60. Qe3+ {Black resigns} 1-0